 Dungeon Crawl Stone Soup version 0.27-a0-1071-ga85bd9520d (console) character file.

Game seed: 12224823666072399087

94 nht the Digger (level 4, -5/30 HPs)
             Began as a Demonspawn Earth Elementalist on Apr 24, 2021.
             Slain by an ice beast (11 damage)
             ... on level 3 of the Dungeon.
             The game lasted 00:02:58 (2303 turns).

nht the Digger (Demonspawn Earth Elementalist)      Turns: 2303, Time: 00:02:58

Health: -5/30      AC:  3    Str:  8    XL:     4   Next: 38%
Magic:  0/7        EV: 12    Int: 17    God:
Gold:   83         SH:  0    Dex: 14    Spells: 6/7 levels left

rFire    . . .     SeeInvis .   f - +2 short sword (flame)
rCold    . . .     Faith    .   (no shield)
rNeg     . . .     Spirit   .   c - +0 robe
rPois    +         Reflect  .   (no helmet)
rElec    .         Harm     .   (no cloak)
rCorr    .         Rampage  .   (no gloves)
Will     .....                  (no boots)
Stlth    ++........             (no amulet)
HPRegen  0.10/turn              g - ring of poison resistance
MPRegen  0.10/turn              (no ring)

@: no status effects
A: rugged brown scales 1, foul stench 1
a: no special abilities


You were on level 3 of the Dungeon.
You visited 1 branch of the dungeon, and saw 3 of its levels.

You collected 83 gold pieces.

Inventory:

Hand Weapons
 f - a +2 short sword of flaming (weapon)
Missiles
 b - 33 stones
Armour
 c - a +0 robe (worn)
Jewellery
 g - a ring of poison resistance (left hand)
Scrolls
 a - a scroll of blinking
 d - a scroll of fear {unknown}
 e - a scroll of teleportation
 h - a scroll of enchant armour {unknown}
 i - a scroll of identify
 j - a scroll of silence {unknown}
Potions
 k - a potion of curing {unknown}


   Skills:
 - Level 1.7 Dodging
 - Level 1.7 Stealth
 - Level 2.0 Spellcasting
 - Level 0.8 Transmutations
 + Level 4.8 Earth Magic


You had 6 spell levels left.
You knew the following spells:

 Your Spells              Type           Power      Damage    Failure   Level
a - Sandblast             Erth           36%        2d10      2%          1

Your spell library contained the following spells:

 Spells                   Type           Power      Damage    Failure   Level
 Passwall                 Tmut/Erth      9%         N/A       10%         2
 Animate Skeleton         Necr           2%         N/A       19%         1
 Pain                     Necr           4%         1d4       19%         1
 Stone Arrow              Conj/Erth      18%        3d8       22%         3
 Vampiric Draining        Necr           0%         2d6       50%         3
 Petrify                  Tmut/Erth      11%        N/A       52%         4
 Lee's Rapid Deconstruct  Erth           9%         3d8*      58%         5
 Animate Dead             Necr           0%         N/A       88%         4
 Agony                    Necr           1%         N/A       99%         5


Dungeon Overview and Level Annotations

Branches:
Dungeon (3/15)

Altars:


Innate Abilities, Weirdness & Mutations

You are partially covered in rugged brown scales. (AC +1, +3% HP)
You may rarely emit foul miasma when damaged in melee.


Message History

As you read the scroll labelled XYILOY QIATH, it crumbles to dust.
It is a scroll of identify.
a - a scroll of blinking You climb downwards.
A ball python comes into view.
The ball python hisses angrily.
Found a scroll labelled TARRU MUTYRO.
Found a stone staircase leading down.
There is a stone staircase leading up here.
The blast of sand hits the ball python!
You kill the ball python!
Your surroundings suddenly seem different.
Found a stone staircase leading up.
Magic restored.
k - a cyan potion As you open the door, it creaks loudly!
There is an open door here.
There is an open door here.
An ice beast comes into view.
The blast of sand hits the ice beast but does no damage.
The blast of sand hits the ice beast.
The ice beast is lightly wounded.
The blast of sand hits the ice beast.
The ice beast is moderately wounded.
The ice beast hits you. The ice beast freezes you!
The blast of sand hits the ice beast but does no damage.
The ice beast is moderately wounded.
The ice beast closely misses you.
The blast of sand hits the ice beast!
The ice beast is severely wounded.
The ice beast closely misses you.
The blast of sand hits the ice beast!
The ice beast is almost dead.
The ice beast hits you. The ice beast freezes you!
* * * LOW HITPOINT WARNING * * *
The blast of sand hits the ice beast.
The ice beast is almost dead.
The ice beast hits you.
* * * LOW HITPOINT WARNING * * *
The ice beast freezes you!
You die...

... █... . █...█
█...██ █..... . ....
█+█ █....
███.█..██.... ....
.....█... ....
███.███...............
█....@Y.........█.....
█.█.█............. ...
█.███████████.██....
█...................
██████....███.████+█
█....'....+<█.█
█.████....█.█.█ █.█
█████..█.█ █.█ █..█.█


You could see an ice beast.

Vanquished Creatures
  3 adders (D:2)
  4 dart slugs (D:1)
  8 ball pythons
  11 bats
  4 endoplasms
  4 giant cockroaches
  5 goblins
  6 hobgoblins
  3 jackals (D:1)
  3 frilled lizards
  5 kobolds
  5 rats
61 creatures vanquished.

Notes
Turn   | Place    | Note
-------+----------+-------------------------------------------
     0 | D:1      | nht the Demonspawn Earth Elementalist began the quest for
                  | the Orb.
     0 | D:1      | Reached XP level 1. HP: 13/13 MP: 3/3
    95 | D:1      | Reached skill level 3 in Earth Magic
   238 | D:1      | Gained mutation: You may rarely emit foul miasma when
                  | damaged in melee. [demonic ancestry]
   238 | D:1      | Reached XP level 2. HP: 18/19 MP: 0/5
   596 | D:1      | Reached XP level 3. HP: 24/24 MP: 3/6
   691 | D:1      | Reached skill level 4 in Earth Magic
  1617 | D:2      | Found a faded altar of an unknown god.
  1760 | D:2      | Gained mutation: You are partially covered in rugged brown
                  | scales. (AC +1, +3% HP) [demonic ancestry]
  1760 | D:2      | Reached XP level 4. HP: 24/30 MP: 5/7
  2294 | D:3      | Noticed an ice beast
  2303 | D:3      | Slain by an ice beast

Illustrated notes

Levels and vault maps discovered:
D:1:      dpeg_arrival_rhombi, layout_rooms, minmay_split_cup_large
D:2:      layout_basic, ebering_ecumenical_altar_rust, minmay_circle_x
D:3:      layout_basic

Skill      XL: |  1  2  3 |
---------------+----------+-----
Earth Magic    | 3 4 |  4.8
Dodging        | |  1.7
Stealth        | |  1.7
Spellcasting   | |  2.0
Transmutations | |  0.8

Action                   |  1- 3 |  4- 6 || total
-------------------------+-------+-------++-------
Melee: Unarmed           |     4 |       ||     4
       Short sword       |    20 |    17 ||    37
 Cast: Sandblast         |    60 |    13 ||    73
  Use: Scroll            |       |     2 ||     2
 Stab: Sleeping          |       |     2 ||     2
Armor: Robe              |    13 |     2 ||    15
Dodge: Dodged            |    53 |    17 ||    70

Table legend: (Time is in decaauts)
 A = Elapsed time spent in this place.
 B = Non-inter-level travel time spent in this place.
 C = Inter-level travel time spent in this place.
 D = Time resting spent in this place.
 E = Time spent auto-exploring this place.
 F = Levels seen in this place.
 G = Mean time per level.
                   A        B        C        D        E       F      G
               +--------+--------+--------+--------+--------+-----+--------+
         Total |   2308 |   2200 |    108 |     56 |   1814 |   3 |  769.3 |
       Dungeon |   2308 |   2200 |    108 |     56 |   1814 |   3 |  769.3 |
               +--------+--------+--------+--------+--------+-----+--------+

Top non-repeatable levels by time:
     D:2: 1271 daAuts
     D:1: 972 daAuts
     D:3: 63 daAuts
